 Dungeon Crawl Stone Soup version 0.30-a0-4-ga7cffc901d (webtiles) character file.

Game seed: 1425119915459144370

74 Setbun the Sneak (level 4, -2/25 HPs)
             Began as a Kobold Enchanter on Aug 20, 2022.
             Constricted to death by Natasha (5 damage)
             ... on level 2 of the Dungeon.
             The game lasted 00:01:51 (1678 turns).

Setbun the Sneak (Kobold Enchanter)                 Turns: 1678, Time: 00:01:51

Health: -2/25      AC:  2    Str:  5    XL:     4   Next: 54%
Magic:  1/8        EV: 12    Int: 16    God:
Gold:   108        SH:  0    Dex: 17    Spells: 6/8 levels left

rFire   . . .      SeeInvis .    o - +2 dagger (holy)
rCold   . . .      Faith    .    (no shield)
rNeg    . . .      Spirit   .    b - +0 robe
rPois   .          Reflect  .    (no helmet)
rElec   .          Harm     .    (no cloak)
rCorr   .          Rampage  .    (no gloves)
Will    .....                    (no boots)
Stlth   ++++......               (no amulet)
HPRegen 0.08/turn                (no ring)
MPRegen 0.11/turn                (no ring)

@: grasped by roots, constricted
A: small, no large weapons, nightstalker 3
a: no special abilities


You were on level 2 of the Dungeon.
You visited 1 branch of the dungeon, and saw 2 of its levels.

You collected 108 gold pieces.

Inventory:

Hand Weapons
 a - a +1 dagger
 o - a +2 dagger of holy wrath (weapon)
Armour
 b - a +0 robe (worn)
Jewellery
 j - a ring of poison resistance
 n - a ring of positive energy
Scrolls
 d - a scroll of amnesia {unknown}
 e - a scroll of identify {unknown}
 f - a scroll of enchant weapon {unknown}
 h - 2 scrolls of teleportation {unknown}
 k - a scroll of immolation {unknown}
 m - 2 scrolls of enchant armour {unknown}
Potions
 c - 2 potions of invisibility
 g - 3 potions of mutation {unknown}
 i - a potion of curing {unknown}
 l - a potion of flight {unknown}
 p - a potion of magic {unknown}
 q - a potion of heal wounds {unknown}


   Skills:
 + Level 1.4 Fighting
 + Level 2.5 Short Blades
 + Level 3.0 Dodging
 + Level 4.6 Stealth
 + Level 2.7 Spellcasting
 + Level 3.3 Hexes


You had 6 spell levels left.
You knew the following spells:

 Your Spells              Type           Power      Damage    Failure   Level
a - Ensorcelled Hibernat  Hex/Ice        14%        N/A       14%         2

Your spell library contained the following spells:

 Spells                   Type           Power      Damage    Failure   Level
 Slow                     Hex            48%        N/A       4%          1
 Confusing Touch          Hex            12%        N/A       14%         3
 Tukima's Dance           Hex            12%        N/A       14%         3
 Summon Small Mammal      Summ           8%         N/A       19%         1
 Sublimation of Blood     Necr           2%         N/A       28%         2
 Dazzling Flash           Conj/Hex       14%        N/A       28%         3
 Summon Guardian Golem    Hex/Summ       7%         N/A       28%         3
 Call Canine Familiar     Summ           2%         N/A       50%         3
 Vampiric Draining        Necr           2%         2d6       50%         3
 Petrify                  Tmut/Erth      2%         N/A       88%         4
 Irradiate                Conj/Tmut      1%         3d12      99%         5


Dungeon Overview and Level Annotations

Branches:
Dungeon (2/15)

Altars:
Cheibriados

Annotations:
D:2 Natasha


Innate Abilities, Weirdness & Mutations

You are small and have problems with some larger weapons.
You are completely attuned to the shadows.


Message History

Natasha closely misses you.
Your magical contamination has completely faded away.
You hit Natasha.
Natasha is moderately wounded.
You closely miss Natasha.
Natasha is moderately wounded.
Natasha barely misses you.
You hit Natasha.
Natasha is heavily wounded.
Natasha zaps a wand.
The roots erupt in riotous growth!
The grasping roots grab you!
Natasha is unaffected.
The grasping roots constrict you.
You hit Natasha.
Natasha is severely wounded.
Natasha barely misses you. The grasping roots constrict you.
You hit Natasha but do no damage.
Natasha is severely wounded.
Natasha closely misses you. The grasping roots constrict you.
You closely miss Natasha.
Natasha is severely wounded.
Natasha casts a spell at you. The magic dart hits you.
* * * LOW HITPOINT WARNING * * *
The grasping roots constrict you.
* * * LOW HITPOINT WARNING * * *
The grasping roots release their grip on you.
Casting: Ensorcelled Hibernation (safe; 14% risk of failure)
Confirm with . or Enter, or press ? or * to list all spells.
You don't have enough magic to cast this spell.
You hit Natasha.
Natasha is almost dead.
Natasha howls an incantation.
You feel disoriented. Natasha closely misses you.
You closely miss Natasha.
Natasha is almost dead.
Natasha zaps a wand.
The roots erupt in riotous growth!
The grasping roots grab you!
Natasha is unaffected.
The grasping roots constrict you.
You die...

############ #..........#
#.####.###.####### #.#
#.# #.......# ###### #.#
#.###........ .....# #.#
#.....####.## ####.#
####.#######.## #.# #.#
#####.......####.# #.#
###.####.......@h.>.....#
#.#
#.........##.#####.######
#.# ##.#..........# #.#
#.# .....###.#.#### #.#
#######.## ....## #.#.#
#.####.......<.
##..####.#.#
#............##
...........##
######.####..#
##..#.##....#### #.# #..#
##..#.#........#
#.####..##


You could see Natasha.

Vanquished Creatures
  Natasha (D:2)
  2 adders (D:2)
  4 endoplasms
  3 goblins
  4 hobgoblins
  4 jackals (D:2)
  4 kobolds
  3 ball pythons (D:2)
  2 bats (D:1)
  A frilled lizard (D:1)
  4 rats
32 creatures vanquished.

Notes
Turn   | Place    | Note
-------+----------+-------------------------------------------
     0 | D:1      | Setbun the Kobold Enchanter began the quest for the Orb.
     0 | D:1      | Reached XP level 1. HP: 10/10 MP: 3/3
    41 | D:1      | Found a faded altar of an unknown god.
   541 | D:1      | Reached XP level 2. HP: 15/15 MP: 5/5
   562 | D:1      | Learned a level 2 spell: Ensorcelled Hibernation
  1058 | D:2      | Found a snail-covered altar of Cheibriados.
  1137 | D:2      | Reached XP level 3. HP: 20/20 MP: 6/6
  1212 | D:2      | Reached skill level 1 in Fighting
  1279 | D:2      | Noticed Natasha
  1283 | D:2      | Killed Natasha
  1295 | D:2      | Reached XP level 4. HP: 25/25 MP: 7/7
  1661 | D:2      | Noticed Natasha
  1678 | D:2      | Constricted to death by Natasha

Illustrated notes

Levels and vault maps discovered:
D:1:      dpeg_arrival_long_road, layout_rooms,
          shapermc_ecumenical_altar_starsandcircs
D:2:      layout_loops_ring, basic_altar, hangedman_decor_lopped, st_stairs_9,
          uniq_natasha

Skill      XL: |  1  2  3  4 |
---------------+-------------+-----
Fighting       | 1 |  1.4
Short Blades   | 2 |  2.5
Dodging        | 3 |  3.0
Stealth        | |  4.6
Spellcasting   | |  2.7
Hexes          | |  3.3

Action                   |  1- 3 |  4- 6 || total
-------------------------+-------+-------++-------
Melee: Dagger            |    50 |    28 ||    78
       Punch             |     1 |       ||     1
 Cast: Ensorcelled Hiber |       |     3 ||     3
 Stab: Sleeping          |    14 |     6 ||    20
Armor: Robe              |     5 |     2 ||     7
Dodge: Dodged            |    21 |    19 ||    40

Table legend: (Time is in decaauts)
 A = Elapsed time spent in this place.
 B = Non-inter-level travel time spent in this place.
 C = Inter-level travel time spent in this place.
 D = Time resting spent in this place.
 E = Time spent auto-exploring this place.
 F = Levels seen in this place.
 G = Mean time per level.
                   A        B        C        D        E       F      G
               +--------+--------+--------+--------+--------+-----+--------+
         Total |   1670 |   1612 |     58 |    175 |   1219 |   2 |  835.0 |
       Dungeon |   1670 |   1612 |     58 |    175 |   1219 |   2 |  835.0 |
               +--------+--------+--------+--------+--------+-----+--------+

Top non-repeatable levels by time:
     D:1: 1028 daAuts
     D:2: 641 daAuts
